 Dungeon Crawl Stone Soup version 0.26-a0-613-g4f23886233 (webtiles) character file.

Game seed: 215402936900275172

115 Descartes the Covered (level 5, -1/41 HPs)
             Began as a Formicid Chaos Knight on Sept 11, 2020.
             Was a Plaything of Xom.
             Slain by a jackal (2 damage)
             ... on level 2 of the Dungeon.
             The game lasted 00:03:28 (1361 turns).

Descartes the Covered (Formicid Chaos Knight)       Turns: 1361, Time: 00:03:29

Health: -1/41      AC: 13    Str: 17    XL:     5   Next: 20%
Magic:  5/5        EV:  3    Int: 11    God:    Xom [..*...]
Gold:   71         SH:  8    Dex: 11    Spells: 4/4 levels left

rFire    . . .     SeeInvis +   a - +0 falchion (chaos)
rCold    . . .     Faith    .   e - +0 kite shield
rNeg     . . .     Spirit   .   u - +0 plate armour
rPois    .         Reflect  .   (helmet unavailable)
rElec    .         Harm     .   o - +0 cloak
rCorr    .                      (no gloves)
MR       .....                  (no boots)
Stlth    ..........             (no amulet)
HPRegen  0.13/turn              (no ring)
MPRegen  0.09/turn              (no ring)

@: no status effects
A: permanent stasis, dig shafts and tunnels, four strong arms, antennae 3
a: Dig, Shaft Self, Renounce Religion


You were on level 2 of the Dungeon.
You worshipped Xom.
You were a toy of Xom.
You visited 1 branch of the dungeon, and saw 2 of its levels.

You collected 71 gold pieces.

Inventory:

Hand Weapons
 a - a +0 falchion of chaos (weapon)
 r - a +2 dagger of venom
Missiles
 f - 23 arrows
 j - 46 stones (quivered)
 m - 16 poisoned darts
Armour
 e - a +0 kite shield (worn)
 o - a +0 cloak (worn)
 u - a +0 plate armour (worn)
Scrolls
 c - 4 scrolls of teleportation {unknown}
 d - 4 scrolls of identify {unknown}
 g - 2 scrolls of random uselessness {unknown}
 k - a scroll of immolation {unknown}
Potions
 h - a potion of flight {unknown}
 i - a potion of degeneration {unknown}
 l - a potion of cancellation {unknown}
 n - 3 potions of curing {unknown}
 q - a potion of heal wounds {unknown}
 s - 2 potions of haste {unknown}
 t - a potion of berserk rage {unknown}


   Skills:
 - Level 3.2 Fighting
 - Level 3.0 Long Blades
 + Level 4.5 Armour
 - Level 0.8 Dodging
 + Level 3.0 Shields


You had 4 spell levels left.
You didn't know any spells.
Your spell library was empty.

Dungeon Overview and Level Annotations

Branches:
Dungeon (2/15)

Altars:


Innate Abilities, Weirdness & Mutations

You cannot be hasted, slowed, berserked, paralysed or teleported.
You can dig through walls and to a lower floor.
Your four strong arms can wield two-handed weapons with a shield.
You have a pair of large antennae on your head. (SInv)


Message History

The jackal bites you.
* * * LOW HITPOINT WARNING * * *
You hit the jackal. You burn the jackal.
You kill the jackal!
You closely miss the jackal. You block the jackal's attack.
The jackal bites you but does no damage.
Your plate armour prevents you from hitting the jackal.
You block the jackal's attack.
The jackal bites you but does no damage.
You closely miss the jackal. You block the jackal's attack.
You hit the jackal. You burn the jackal.
You kill the jackal!
The jackal bites you.
* * * LOW HITPOINT WARNING * * *
You hit the jackal but do no damage. You block the jackal's attack.
The jackal bites you but does no damage.
You closely miss the jackal. You block the jackal's attack.
You miss the jackal. You block the jackal's attack. The jackal bites you.
You die... "It was about time."

...............
#.#.######..###
#.#.###........ ##
#.#.##...#).### ..
#[..........#
#.#####†####...#.##
#.......# ##.##.#
####.#......#.#...
#@######.#......
#h# #.....#. #.#
#..####.# #.# #..#
# #.. #. ... ###


You could see a jackal.

Vanquished Creatures
  A bullfrog (D:2)
  A gnoll (D:1)
  An ooze (D:1)
  2 worms (D:2)
  A giant cockroach (D:1)
  7 goblins
  5 hobgoblins
  2 jackals (D:2)
  2 quokkas (D:2)
  2 bats (D:1)
  4 frilled lizards
  3 kobolds (D:1)
  6 rats (D:2)
37 creatures vanquished.

Notes
Turn   | Place    | Note
-------+----------+-------------------------------------------
     0 | D:1      | Descartes the Formicid Chaos Knight began the quest for the
                  | Orb.
     0 | D:1      | Reached XP level 1. HP: 18/18 MP: 1/1
    45 | D:1      | Reached skill level 3 in Armour
    45 | D:1      | Reached XP level 2. HP: 18/24 MP: 2/2
   756 | D:1      | Reached XP level 3. HP: 23/29 MP: 3/3
   908 | D:1      | Reached skill level 1 in Shields
  1175 | D:2      | XOM: butterfly on damage
  1175 | D:2      | XOM: smoke on damage
  1256 | D:2      | Noticed a bullfrog
  1256 | D:2      | a worm changed into a bullfrog
  1260 | D:2      | Killed a bullfrog
  1260 | D:2      | Reached skill level 4 in Armour
  1260 | D:2      | Reached XP level 4. HP: 4/35 MP: 4/4
  1260 | D:2      | Reached XP level 5. HP: 4/41 MP: 5/5
  1353 | D:2      | HP: 2/41 [jackal (2)]
  1358 | D:2      | HP: 1/41 [jackal (2)]
  1361 | D:2      | Slain by a jackal

Illustrated notes

Levels and vault maps discovered:
D:1:      grunt_arrival_lava_bath, layout_basic
D:2:      layout_loops_ring

Skill      XL: |  1  2  3  4  5 |
---------------+----------------+-----
Armour         | 3 4 |  4.5
Shields        | 2 3 |  3.0
Fighting       | |  3.2
Long Blades    | |  3.0
Dodging        | |  0.8

Action                   |  1- 3 |  4- 6 || total
-------------------------+-------+-------++-------
Melee: Falchion          |    93 |    28 ||   121
 Abil: Dig               |     2 |       ||     2
Armor: Leather armour    |    13 |       ||    13
       Ring mail         |    17 |     3 ||    20
       Plate armour      |       |     5 ||     5
Dodge: Dodged            |    22 |     2 ||    24
Block: Kite shield       |    27 |    15 ||    42
       Rpst.: Falchion   |     5 |       ||     5

Table legend: (Time is in decaauts)
 A = Elapsed time spent in this place.
 B = Non-inter-level travel time spent in this place.
 C = Inter-level travel time spent in this place.
 D = Time resting spent in this place.
 E = Time spent auto-exploring this place.
 F = Levels seen in this place.
 G = Mean time per level.
                   A        B        C        D        E       F      G
               +--------+--------+--------+--------+--------+-----+--------+
         Total |   1388 |   1362 |     26 |      0 |    955 |   2 |  694.0 |
       Dungeon |   1388 |   1362 |     26 |      0 |    955 |   2 |  694.0 |
               +--------+--------+--------+--------+--------+-----+--------+

Top non-repeatable levels by time:
     D:1: 1146 daAuts
     D:2: 242 daAuts
